[Event "Titled Tuesday Blitz May 31 Late 2022"]
[White "Buchenau, Frank"]
[Black "Kosteniuk, Alexandra"]
[WhiteFideId "4604350"]
[BlackFideId "4128125"]
[WhiteElo "2157"]
[BlackElo "2469"]
[Result "0-1"]
[Round "11"]
[TimeControl "180+1"]
[Date "2022.05.31"]
[WhiteClock "0:00:01"]
[BlackClock "0:00:05"]

1. e4 c6 2. Nf3 d5 3. Nc3 dxe4 4. Nxe4 Nf6 5. Qe2 Nxe4 6. Qxe4 Nd7 7. Bc4 Nf6 8. Ne5 e6 9. Qe2 Bd6 10. d4 b5 11. Bd3 Bb7 12. O-O O-O 13. Bf4 c5 14. dxc5 Bxc5 15. Rad1 Qb6 16. Bg5 Rfd8 17. Bxf6 gxf6 18. Bxh7+ Kf8 19. Nd3 Qc6 20. Qg4 Bd6 21. Rfe1 Qc7 22. h4 Bd5 23. h5 Ke7 24. h6 Rh8 25. Qg7 Qc6 26. Re3 Raf8 27. c3 a5 28. g3 Bh1 29. Ne1 Bd5 30. Nd3 Bh1 31. Ne1 Bd5 32. Red3 Be5 33. f4 Bc7 34. Rxd5 exd5 35. Nf3 Bb6+ 36. Kg2 d4 37. cxd4 Kd7 38. Bf5+ Kc7 39. h7 Kb8 40. d5 Qc5 41. Qxf6 Qf2+ 42. Kh3 Bd8 43. Ne5 Bxf6 44. Nd7+ Kc7 45. Nxf6 Qxb2 46. d6+ Kb7 47. Ne4 Qg7 48. d7 Rxh7+ 49. Bxh7 Qxh7+ 50. Kg2 Qxe4+ 51. Kg1 Rd8 0-1


[Site "https://www.chess.com"]

[Event "Titled Tuesday Blitz May 31 Late 2022"]
[White "Curtis, John"]
[Black "Mickiewicz, Piotr"]
[WhiteFideId "3200256"]
[BlackFideId "1114891"]
[WhiteElo "2203"]
[BlackElo "2223"]
[Result "1/2-1/2"]
[Round "11"]
[TimeControl "180+1"]
[Date "2022.06.01"]
[WhiteClock "0:00:45"]
[BlackClock "0:00:02"]

1. e4 c5 2. Nf3 d6 3. d4 cxd4 4. Nxd4 Nf6 5. Nc3 e6 6. Be2 a6 7. O-O Qc7 8. f4 Be7 9. Bf3 O-O 10. Kh1 Nc6 11. Be3 Re8 12. Qe1 Bf8 13. Rd1 Nxd4 14. Bxd4 e5 15. Be3 exf4 16. Bxf4 Be6 17. Qg3 Rad8 18. e5 dxe5 19. Bxe5 Qe7 20. Rde1 b5 21. a3 Nd7 22. Bc7 Rc8 23. Bf4 Qc5 24. Rd1 Nf6 25. Be5 Nd7 26. Bd4 Qc7 27. Qxc7 Rxc7 28. Rd2 Bc5 29. Nd5 Bxd5 30. Bxd5 Re7 31. Bxc5 Rxc5 32. Bxf7+ Rxf7 33. Rxf7 Kxf7 34. Rxd7+ Ke6 35. Rd2 Re5 36. Kg1 a5 37. Kf2 Kf5 38. c3 h5 39. Rd4 g5 40. a4 h4 41. axb5 Rxb5 42. Ra4 Rxb2+ 43. Kf1 Rb5 44. c4 Re5 45. Kf2 Ke4 46. c5+ Kd3 47. Rxa5 Rf5+ 48. Ke1 Re5+ 49. Kf1 Rf5+ 50. Kg1 Ke2 51. Ra2+ Ke1 52. Ra1+ Ke2 53. Rc1 Kd2 54. Rf1 Rxc5 55. h3 Ke2 56. Rf6 Ke3 57. g3 Rc1+ 58. Kg2 Rc2+ 59. Kg1 hxg3 60. Rf5 Ra2 61. Rxg5 Kf4 62. Rg8 Ra1+ 63. Kg2 Ra2+ 64. Kg1 Ra3 65. Kg2 Ra2+ 66. Kg1 1/2-1/2


[Site "https://www.chess.com"]

[Event "Titled Tuesday Blitz May 31 Late 2022"]
[White "D`Arruda, Ricardo D."]
[Black "Koellner, Ruben Gideon"]
[WhiteFideId "100692"]
[BlackFideId "12993093"]
[WhiteElo "2465"]
[BlackElo "2583"]
[Result "0-1"]
[Round "11"]
[TimeControl "180+1"]
[Date "2022.05.31"]
[WhiteClock "0:00:13"]
[BlackClock "0:00:49"]

1. Nf3 Nf6 2. d4 d6 3. Nc3 Nbd7 4. e4 e5 5. Be2 Be7 6. O-O h6 7. b3 c6 8. Bb2 Qc7 9. a4 O-O 10. Qd2 Rd8 11. Rad1 Nf8 12. Rfe1 Ng6 13. g3 b6 14. Bc4 a6 15. d5 b5 16. axb5 axb5 17. Bf1 b4 18. Na4 cxd5 19. exd5 Bd7 20. Ra1 Rdc8 21. Rec1 Ra5 22. c4 Bxa4 23. Rxa4 Rxa4 24. bxa4 Qa5 25. Ra1 Ne4 26. Qc2 Nc5 27. Nd2 Nf8 28. Nb3 Nxb3 29. Qxb3 Nd7 30. Bh3 Nc5 31. Qd1 Ra8 32. f4 e4 33. Qg4 Bf8 34. f5 b3 35. Bxg7 Kh7 36. f6 Qc3 37. Qf5+ Kg8 38. Rf1 b2 39. Bxf8 Qe3+ 40. Kh1 Rxf8 41. Bg2 Rb8 42. Rb1 Qc1+ 43. Qf1 Qxf1+ 44. Bxf1 Nxa4 45. Bg2 Nc3 46. Bxe4 Nxe4 0-1


[Site "https://www.chess.com"]

[Event "Titled Tuesday Blitz May 31 Late 2022"]
[White "Daeschler, Florian"]
[Black "Golubev, Mikhail"]
[WhiteFideId "20678193"]
[BlackFideId "14100983"]
[WhiteElo "2195"]
[BlackElo "2374"]
[Result "0-1"]
[Round "11"]
[TimeControl "180+1"]
[Date "2022.05.31"]
[WhiteClock "0:00:26"]
[BlackClock "0:00:33"]

1. d4 g6 2. c4 Bg7 3. Nc3 Nf6 4. e4 d6 5. Nf3 O-O 6. Be2 e5 7. dxe5 dxe5 8. Qxd8 Rxd8 9. Bg5 c6 10. Nxe5 Re8 11. O-O-O Na6 12. f4 h6 13. Bh4 g5 14. fxg5 hxg5 15. Bxg5 Rxe5 16. Rd8+ Kh7 17. Bf4 Re8 18. Rd2 Nc5 19. e5 Nfe4 20. Nxe4 Nxe4 21. Bd3 Bf5 22. Re2 Bxe5 23. Rf1 Kg8 24. Bxe4 Bxe4 25. Rxe4 Bxb2+ 26. Kxb2 Rxe4 27. Kc3 Re2 28. g4 Rxa2 29. Rf3 Ra3+ 0-1


[Site "https://www.chess.com"]

[Event "Titled Tuesday Blitz May 31 Late 2022"]
[White "Demchenko, Anton"]
[Black "Urazayev, Arystanbek"]
[WhiteFideId "4160258"]
[BlackFideId "13709810"]
[WhiteElo "2539"]
[BlackElo "2422"]
[Result "1-0"]
[Round "11"]
[TimeControl "180+1"]
[Date "2022.05.31"]
[WhiteClock "0:00:05"]
[BlackClock "0:00:04"]

1. e4 c6 2. d4 d5 3. e5 c5 4. Nf3 cxd4 5. Nxd4 Nc6 6. Nxc6 bxc6 7. Bd3 e6 8. O-O Ne7 9. Nd2 a5 10. Qe2 Ng6 11. Nf3 Bc5 12. g3 Qb6 13. h4 Ne7 14. c4 Ba6 15. Kg2 h6 16. b3 dxc4 17. bxc4 Rd8 18. Rb1 Qa7 19. Bd2 a4 20. h5 Nf5 21. Bc3 Nd4 22. Bxd4 Bxd4 23. Rfd1 c5 24. Qe4 Qc7 25. Qf4 Bb7 26. Be4 Bc6 27. Re1 O-O 28. Re2 a3 29. Rb3 Bb2 30. g4 f5 31. Bxc6 fxg4 32. Qxg4 Qxc6 33. Qe4 Qxe4 34. Rxe4 Rd1 35. Rb7 Rf7 36. Rb8+ Kh7 37. Nh4 Rfd7 38. Ng6 Rd8 39. Rb5 Ra1 40. Rf4 Rxa2 41. Rf7 Bd4 42. Rbb7 Rxf2+ 43. Rxf2 Bxf2 44. Kxf2 Ra8 45. Rb1 Ra4 46. Ra1 a2 47. Ke3 Ra3+ 48. Ke4 Rh3 49. Nf4 Ra3 50. Nxe6 g5 51. hxg6+ Kxg6 52. Nf4+ Kf7 53. Nd5 h5 54. Kf5 h4 55. e6+ Ke8 56. Kf6 Kd8 57. e7+ Kd7 58. Kf7 Rf3+ 59. Nf6+ 1-0


[Site "https://www.chess.com"]

[Event "Titled Tuesday Blitz May 31 Late 2022"]
[White "Derraugh, Geordie"]
[Black "Cruz Mendez, Jean Marco"]
[WhiteFideId "2603950"]
[BlackFideId "3526402"]
[WhiteElo "2116"]
[BlackElo "2064"]
[Result "0-1"]
[Round "11"]
[TimeControl "180+1"]
[Date "2022.06.01"]
[WhiteClock "0:00:03"]
[BlackClock "0:00:48"]

1. e4 c5 2. Nf3 Nc6 3. Bb5 g6 4. Bxc6 dxc6 5. d3 Bg7 6. h3 Nf6 7. O-O Nd7 8. a4 b6 9. Nc3 e5 10. Be3 Nf8 11. a5 Rb8 12. Na4 Ne6 13. c3 f5 14. exf5 gxf5 15. Re1 O-O 16. Qb3 Kh8 17. Nxc5 Qf6 18. axb6 axb6 19. Na6 Rb7 20. Bxb6 Nf4 21. Nxe5 Be6 22. c4 Qg5 23. g3 Nxh3+ 24. Kf1 f4 25. Nf3 Qh5 26. g4 Qxg4 27. Rxe6 Qxe6 28. Nc5 Qg4 29. Nxb7 Qxf3 30. Qd1 Qh1+ 31. Ke2 Re8+ 32. Kd2 Qh2 33. Qh1 Qxh1 34. Rxh1 Rb8 35. Rxh3 Rxb7 36. c5 Bxb2 37. Rh6 Bd4 38. Ke2 Re7+ 39. Kf3 Re1 40. Rxc6 Rf1 41. Ke4 Bxf2 42. Rf6 Be3 43. d4 Kg7 44. Rf5 Rc1 45. Kf3 Kg6 46. Rd5 h5 47. Rd6+ Kf5 48. Bd8 Rf1+ 49. Ke2 Rc1 50. Rf6+ Ke4 51. c6 Rc2+ 52. Kd1 Kd3 0-1


[Site "https://www.chess.com"]

[Event "Titled Tuesday Blitz May 31 Late 2022"]
[White "Diaz Rosas, Julio Cesar"]
[Black "Bas Mas, Jose Joaquin"]
[WhiteFideId "5105099"]
[BlackFideId "22219064"]
[WhiteElo "2278"]
[BlackElo "2233"]
[Result "1-0"]
[Round "11"]
[TimeControl "180+1"]
[Date "2022.05.31"]
[WhiteClock "0:00:40"]
[BlackClock "0:00:05"]

1. d4 f5 2. Nc3 Nf6 3. Bg5 d5 4. Nf3 Nc6 5. g3 Be6 6. Bg2 h6 7. Bf4 g5 8. Bc1 Ne4 9. O-O Bg7 10. e3 Qd7 11. Ne1 O-O 12. Nd3 b6 13. f3 Nxc3 14. bxc3 Na5 15. a4 Nc4 16. Qe1 Bf7 17. Nb2 Rae8 18. Nxc4 dxc4 19. Ba3 Qxa4 20. Bxe7 Qxc2 21. Bxf8 Bxf8 22. e4 c5 23. Rf2 Qb3 24. d5 Bg7 25. Rxa7 Bxc3 26. Qc1 Bd4 27. h4 Qe3 28. Qc2 Qe1+ 29. Bf1 Qxf2+ 30. Qxf2 Bxf2+ 31. Kxf2 fxe4 32. Bxc4 e3+ 33. Ke2 gxh4 34. gxh4 Rb8 35. Bb5 Bxd5 36. Rd7 Bf7 37. Rd6 Kg7 38. Kxe3 c4 39. Rc6 Re8+ 40. Kf4 Re6 41. Rc7 Rf6+ 42. Ke3 Rf5 43. Bxc4 Kf8 44. Bd3 Re5+ 45. Kf4 Re6 46. Be4 Rf6+ 47. Ke5 Re6+ 48. Kf5 Rd6 49. f4 Bc4 50. Ke5 Re6+ 51. Kf5 b5 52. Bf3 Rd6 53. Ke5 Rg6 54. Be4 Rg7 55. Rc5 Re7+ 56. Kd4 Rd7+ 57. Ke5 Re7+ 58. Kf5 Rf7+ 59. Kg4 Rg7+ 60. Kf3 Re7 61. f5 Kf7 62. Kf4 Ra7 63. Rc6 Bb3 64. Rxh6 Ra1 65. Rb6 Bc4 66. Ke5 Rg1 67. Rb7+ Kf8 68. Kf6 Ke8 69. Bc6+ Kd8 70. Bxb5 Rb1 71. Bc6 Rxb7 72. Bxb7 Ke8 73. Kg7 Bf7 74. f6 Bh5 75. Bd5 Kd7 76. f7 Bxf7 77. Bxf7 1-0


[Site "https://www.chess.com"]

[Event "Titled Tuesday Blitz May 31 Late 2022"]
[White "Djokic, Mihailo"]
[Black "Martin Carmona, Gaston Manuel"]
[WhiteFideId "976440"]
[BlackFideId "22284567"]
[WhiteElo "2202"]
[BlackElo "2162"]
[Result "0-1"]
[Round "11"]
[TimeControl "180+1"]
[Date "2022.05.31"]
[WhiteClock "0:02:11"]
[BlackClock "0:02:01"]

1. e4 c5 2. Nf3 d6 3. d4 cxd4 4. Nxd4 Nf6 5. Nc3 g6 6. Be3 Bg7 7. f3 Nc6 8. Qd2 O-O 9. O-O-O d5 10. Qe1 e5 11. Nxc6 bxc6 12. exd5 Nxd5 13. Bc4 Be6 14. Ne4 Qc7 15. Bc5 Rfd8 16. h4 Nf4 17. Bxe6 Rxd1+ 18. Qxd1 Nxe6 19. Bd6 Qb6 20. h5 f5 21. Nc3 Rd8 22. hxg6 hxg6 23. Qd3 Qd4 24. Be7 Qf4+ 0-1


[Site "https://www.chess.com"]

[Event "Titled Tuesday Blitz May 31 Late 2022"]
[White "Drygalov, Andrey"]
[Black "Jumabayev, Rinat"]
[WhiteFideId "24171735"]
[BlackFideId "13702661"]
[WhiteElo "2540"]
[BlackElo "2561"]
[Result "1-0"]
[Round "11"]
[TimeControl "180+1"]
[Date "2022.05.31"]
[WhiteClock "0:01:39"]
[BlackClock "0:01:23"]

1. e4 c6 2. Nf3 g6 3. d4 d5 4. Nc3 dxe4 5. Nxe4 Nf6 6. Nxf6+ exf6 7. h3 Be6 8. Bd3 Bg7 9. O-O O-O 10. Re1 Nd7 11. c3 Re8 12. Bf4 Nb6 13. Qd2 a5 14. b3 Nd5 15. Bg3 Qd7 16. Rad1 h5 17. c4 Nb4 18. Bb1 b5 19. a3 Na6 20. d5 cxd5 21. cxd5 Bf5 22. Rxe8+ Rxe8 23. Bxf5 Qxf5 24. Qxa5 Qc2 25. Rd2 Qc1+ 26. Kh2 h4 27. Bf4 Re4 28. d6 Nc5 29. d7 Nxd7 30. Qa8+ 1-0


[Site "https://www.chess.com"]

[Event "Titled Tuesday Blitz May 31 Late 2022"]
[White "Eljanov, Pavel"]
[Black "Trost, Edvin"]
[WhiteFideId "14102951"]
[BlackFideId "1729519"]
[WhiteElo "2601"]
[BlackElo "2165"]
[Result "0-1"]
[Round "11"]
[TimeControl "180+1"]
[Date "2022.05.31"]
[WhiteClock "0:00:03"]
[BlackClock "0:00:42"]

1. c4 e5 2. Nc3 Nf6 3. Nf3 Nc6 4. e4 Bb4 5. d3 d6 6. a3 Bc5 7. b4 Bb6 8. Be3 Bxe3 9. fxe3 O-O 10. Be2 Ng4 11. Qd2 f5 12. h3 Nf6 13. exf5 Bxf5 14. g4 Bg6 15. O-O-O e4 16. Ng5 Qe7 17. h4 exd3 18. Bxd3 Bxd3 19. Qxd3 Ne5 20. Qc2 c6 21. Nce4 Nexg4 22. Rhg1 h6 23. Nxd6 hxg5 24. Nf5 Qe5 25. hxg5 Ne4 26. Rxg4 Qa1+ 27. Qb1 Qxb1+ 28. Kxb1 Nc3+ 29. Kc2 Nxd1 30. Ne7+ Kf7 0-1


[Site "https://www.chess.com"]

[Event "Titled Tuesday Blitz May 31 Late 2022"]
[White "Estrada Nieto, Julian"]
[Black "Kozin, Yuri"]
[WhiteFideId "5101018"]
[BlackFideId "4129920"]
[WhiteElo "2252"]
[BlackElo "2568"]
[Result "0-1"]
[Round "11"]
[TimeControl "180+1"]
[Date "2022.06.01"]
[WhiteClock "0:00:05"]
[BlackClock "0:00:12"]

1. e4 c5 2. Nf3 e6 3. c3 Nf6 4. e5 Nd5 5. Bc4 d6 6. d4 cxd4 7. cxd4 dxe5 8. dxe5 Bb4+ 9. Nbd2 O-O 10. O-O b6 11. Ne4 Ba6 12. Bg5 Be7 13. b3 Bxg5 14. Nfxg5 h6 15. Nf3 Bxc4 16. bxc4 Nf4 17. Nd6 Nc6 18. Qd2 Ng6 19. Rfe1 Nh4 20. Nxh4 Qxh4 21. Re4 Qh5 22. Qe3 Rad8 23. Re1 Qg6 24. h3 Nxe5 25. Nb5 Nc6 26. Rg4 Qf6 27. Qg3 Nd4 28. Nd6 Nf5 29. Nxf5 exf5 30. Rf4 Rfe8 31. Rxe8+ Rxe8 32. h4 h5 33. Qf3 g6 34. g3 Qa1+ 35. Kg2 Qxa2 36. Qc6 Qe2 37. Rd4 Qe6 38. Rd6 Qe4+ 39. Qxe4 Rxe4 40. Rd7 Rxc4 41. Rxa7 Rb4 42. Rb7 Rb3 43. Rb8+ Kg7 44. Rb7 Kf6 45. Rc7 Rb4 46. Rb7 Ke6 47. Kf3 Rb3+ 48. Kf4 Rb4+ 49. Kg5 Rb2 50. Kh6 Rxf2 51. Rxb6+ Ke5 52. Kg7 Rg2 53. Rf6 Rxg3 54. Rxf7 f4 55. Re7+ Kf5 56. Rf7+ Ke4 57. Kh6 f3 58. Re7+ Kf4 59. Rf7+ Ke3 60. Re7+ Kf2 61. Rf7 Kg2 62. Rf6 f2 63. Rf7 f1=Q 64. Rxf1 Kxf1 65. Kg7 Kg2 66. Kh6 Kh3 67. Kg7 Kxh4 68. Kh6 Kg4 0-1


[Site "https://www.chess.com"]

[Event "Titled Tuesday Blitz May 31 Late 2022"]
[White "Flynn, Jacob"]
[Black "Lehtosaari, Mauri"]
[WhiteFideId "2509393"]
[BlackFideId "501999"]
[WhiteElo "1896"]
[BlackElo "2428"]
[Result "1-0"]
[Round "11"]
[TimeControl "180+1"]
[Date "2022.06.01"]
[WhiteClock "0:00:21"]
[BlackClock "0:00:23"]

1. d4 d5 2. c4 c6 3. Nf3 Nf6 4. Qc2 dxc4 5. Qxc4 Bf5 6. g3 e6 7. Bg2 Be7 8. O-O O-O 9. Nc3 Nbd7 10. Re1 Ne4 11. Nd2 Nxd2 12. Bxd2 Bg6 13. e4 Nb6 14. Qd3 a5 15. Be3 a4 16. Red1 a3 17. b3 Bf6 18. Rac1 h6 19. Qe2 Re8 20. h4 Nc8 21. h5 Bh7 22. Bf3 Bg5 23. Bg2 Bxe3 24. Qxe3 Nd6 25. Na4 Qe7 26. Bf3 Red8 27. Qc3 Nb5 28. Qe3 Kh8 29. Nc5 Nd6 30. Kg2 Ne8 31. Rc3 Nf6 32. Rdc1 Rab8 33. Nd3 Nd7 34. Nf4 Nf6 35. Rc4 Ra8 36. Rc5 Nd7 37. R5c3 e5 38. Nd3 exd4 39. Qxd4 f6 40. Qe3 Ne5 41. Nxe5 Qxe5 42. Rc5 Qe7 43. e5 f5 44. e6 Rf8 45. Re5 Rad8 46. Re1 f4 47. gxf4 Qh4 48. e7 Rde8 49. exf8=Q+ Rxf8 50. Re8 Bf5 51. Rxf8+ Kh7 52. Rxf5 1-0


[Site "https://www.chess.com"]

[Event "Titled Tuesday Blitz May 31 Late 2022"]
[White "Garcia, Gabriel Gonzaga"]
[Black "Wartiovaara, Oliver"]
[WhiteFideId "2138956"]
[BlackFideId "513024"]
[WhiteElo "2240"]
[BlackElo "1971"]
[Result "0-1"]
[Round "11"]
[TimeControl "180+1"]
[Date "2022.06.01"]
[WhiteClock "0:00:14"]
[BlackClock "0:00:06"]

1. e4 c5 2. Nf3 d6 3. d4 cxd4 4. Qxd4 Nc6 5. Bb5 Bd7 6. Bxc6 Bxc6 7. Bg5 Nf6 8. Nc3 e6 9. O-O-O a6 10. Qd3 Rc8 11. Nd4 Bd7 12. f4 Be7 13. Kb1 O-O 14. h4 h6 15. Nb3 Rxc3 16. bxc3 Bc6 17. Bxf6 Bxf6 18. Qxd6 Qxd6 19. Rxd6 Bxe4 20. Rd2 Rc8 21. Re1 Bd5 22. Rd3 Bxc3 23. Ree3 Bf6 24. g3 b6 25. Nd2 a5 26. f5 Rc5 27. fxe6 Bxe6 28. Ne4 Rb5+ 29. Kc1 Bb2+ 30. Kd2 Bxa2 31. Rd8+ Kh7 32. Nc3 Bxc3+ 33. Kxc3 Be6 34. Rb8 Rc5+ 35. Kd3 b5 36. c3 Bf5+ 37. Kd4 Rc4+ 38. Kd5 Be6+ 39. Kd6 b4 40. cxb4 axb4 41. Rb7 Rd4+ 42. Ke7 b3 43. Kf8 Rg4 44. Rc3 Ra4 45. Re3 Ra2 46. g4 Rc2 47. g5 hxg5 48. hxg5 Kg6 49. Rxe6+ fxe6 50. Rxg7+ Kf5 51. g6 b2 52. Rb7 Kxg6 53. Ke7 Kf5 54. Kd6 e5 55. Kd5 e4 56. Kd4 Kf4 57. Rf7+ Kg3 58. Rb7 Kf3 59. Rf7+ Ke2 60. Rb7 e3 61. Rb3 Rd2+ 62. Ke4 Kd1 63. Kxe3 Rh2 64. Kd4 Kc2 65. Rc3+ Kb1 66. Rc8 Rc2 67. Rh8 Ka2 68. Ra8+ Kb3 69. Rb8+ Ka2 70. Ra8+ Kb1 71. Kd3 Rc6 72. Kd2 Rd6+ 73. Kc3 Kc1 74. Rh8 b1=Q 75. Rh1+ Rd1 76. Rh2 Rd3+ 77. Kc4 Qb3+ 0-1


[Site "https://www.chess.com"]

[Event "Titled Tuesday Blitz May 31 Late 2022"]
[White "Gurevich, Dmitry"]
[Black "Korchmar, Vasiliy"]
[WhiteFideId "2000407"]
[BlackFideId "24131750"]
[WhiteElo "2506"]
[BlackElo "2370"]
[Result "0-1"]
[Round "11"]
[TimeControl "180+1"]
[Date "2022.05.31"]
[WhiteClock "0:00:01"]
[BlackClock "0:00:07"]

1. d4 Nf6 2. c4 c6 3. Bf4 Qb6 4. b3 g6 5. e3 Bg7 6. Be2 O-O 7. Nf3 d5 8. O-O Bg4 9. Nc3 Nbd7 10. c5 Qa5 11. Qd2 Rfe8 12. a3 Bxf3 13. b4 Qd8 14. Bxf3 e5 15. Bg3 exd4 16. exd4 Nf8 17. Rfe1 Ne6 18. Be5 Nd7 19. Bxg7 Kxg7 20. Bg4 Ndf8 21. Re3 Qg5 22. Bxe6 Nxe6 23. Ne2 a5 24. b5 cxb5 25. Rb1 Nc7 26. f4 Qf5 27. Rbb3 Rxe3 28. Rxe3 Ne6 29. Re5 Qb1+ 30. Kf2 b4 31. f5 bxa3 32. Nc3 Qb4 33. fxe6 a2 34. Re1 fxe6 35. Kg3 Rf8 36. Qe3 Qb2 37. Qe5+ Kh6 38. Nxa2 Qf2+ 39. Kh3 Qxa2 40. Qe3+ Kg7 41. Qxe6 Qf2 42. Qe7+ Rf7 43. Qe3 Qf5+ 44. g4 Qf3+ 45. Qxf3 Rxf3+ 46. Kg2 Rd3 47. Re7+ Kh6 48. Rxb7 Rxd4 49. c6 Rxg4+ 50. Kf3 Rc4 51. c7 a4 52. Ra7 a3 53. Ke3 a2 54. Rxa2 Rxc7 55. Rd2 Re7+ 56. Kf4 Rf7+ 57. Ke5 Rf5+ 58. Ke6 Kg5 59. Rd4 h5 60. h4+ Kh6 61. Rxd5 Rf4 62. Rd8 Rxh4 63. Kf6 Rf4+ 64. Ke5 Rf5+ 65. Ke6 Kg5 0-1


[Site "https://www.chess.com"]

[Event "Titled Tuesday Blitz May 31 Late 2022"]
[White "Hardaway, Brewington"]
[Black "Norowitz, Yaacov"]
[WhiteFideId "30941849"]
[BlackFideId "2024799"]
[WhiteElo "1768"]
[BlackElo "2412"]
[Result "0-1"]
[Round "11"]
[TimeControl "180+1"]
[Date "2022.05.31"]
[WhiteClock "0:02:14"]
[BlackClock "0:01:50"]

1. e4 c6 2. d4 d5 3. e5 Bf5 4. h4 Qb6 5. g4 Bd7 6. Nc3 e6 7. a3 c5 8. Nge2 Nc6 9. Na4 Qa5+ 10. c3 cxd4 11. b4 Nxe5 12. Nxd4 Qxa4 13. Qxa4 Bxa4 14. Bf4 Bd6 15. Bg3 O-O-O 16. Bb5 Bxb5 17. Nxb5 Bb8 18. Bxe5 Bxe5 19. Nxa7+ Kb8 20. Nb5 Nf6 21. g5 Ne4 22. Rc1 Rc8 23. Rh3 Nd6 24. Nxd6 Bxd6 25. Rf3 Rc7 26. Ke2 Rhc8 27. a4 Bxb4 0-1


[Site "https://www.chess.com"]

[Event "Titled Tuesday Blitz May 31 Late 2022"]
[White "Ibarra Jerez, Jose Carlos"]
[Black "Andreikin, Dmitry"]
[WhiteFideId "2226332"]
[BlackFideId "4158814"]
[WhiteElo "2626"]
[BlackElo "2736"]
[Result "0-1"]
[Round "11"]
[TimeControl "180+1"]
[Date "2022.05.31"]
[WhiteClock "0:00:02"]
[BlackClock "0:00:15"]

1. e4 c5 2. Nc3 a6 3. g4 b5 4. Bg2 Bb7 5. d3 e6 6. Nh3 Nc6 7. O-O Nd4 8. f4 Qc7 9. Be3 h5 10. g5 h4 11. a4 b4 12. Ne2 Nxe2+ 13. Qxe2 Ne7 14. Qf2 Ng6 15. Rae1 Bd6 16. Kh1 a5 17. b3 Be7 18. Bc1 O-O-O 19. Bb2 Rhg8 20. c3 Kb8 21. cxb4 axb4 22. Rc1 d5 23. f5 Ne5 24. fxe6 Nxd3 25. Qc2 Nxc1 26. exf7 Rgf8 27. Bxg7 Nxb3 28. Qxb3 c4 29. Qb1 c3 30. Bxf8 Bxf8 31. exd5 c2 32. Qb2 Rxd5 33. Qh8 Rd1 34. Qxf8+ Ka7 0-1


[Site "https://www.chess.com"]

[Event "Titled Tuesday Blitz May 31 Late 2022"]
[White "Indjic, Aleksandar"]
[Black "Goncalves, Ivan Mesquita V"]
[WhiteFideId "911925"]
[BlackFideId "2114224"]
[WhiteElo "2616"]
[BlackElo "2299"]
[Result "1-0"]
[Round "11"]
[TimeControl "180+1"]
[Date "2022.05.31"]
[WhiteClock "0:00:57"]
[BlackClock "0:00:26"]

1. d4 d5 2. Nf3 Nf6 3. Bf4 c5 4. e3 Nc6 5. Nbd2 Bg4 6. c3 Qb6 7. dxc5 Qxc5 8. Qb3 Bc8 9. Bd3 e6 10. e4 dxe4 11. Nxe4 Nxe4 12. Bxe4 Bd6 13. Be3 Qa5 14. O-O-O Bc5 15. Rhe1 Bxe3+ 16. Rxe3 h6 17. h4 Qc7 18. Bxc6+ bxc6 19. Ne5 O-O 20. Qc4 c5 21. b4 Bb7 22. Rd7 Qc8 23. Rg3 Rd8 24. Rxg7+ Kxg7 25. Qg4+ Kf6 26. Qf4+ 1-0


[Site "https://www.chess.com"]

[Event "Titled Tuesday Blitz May 31 Late 2022"]
[White "Ivic, Velimir"]
[Black "Hansen, Eric"]
[WhiteFideId "950122"]
[BlackFideId "2606771"]
[WhiteElo "2610"]
[BlackElo "2568"]
[Result "1-0"]
[Round "11"]
[TimeControl "180+1"]
[Date "2022.05.31"]
[WhiteClock "0:01:18"]
[BlackClock "0:00:01"]

1. e4 c5 2. Nf3 e6 3. d4 cxd4 4. Nxd4 Nc6 5. Nc3 d6 6. g4 a6 7. Be3 Nge7 8. h4 b5 9. a3 Bb7 10. g5 Rc8 11. Be2 Nxd4 12. Qxd4 Nc6 13. Qd2 Ne5 14. h5 Nc4 15. Bxc4 Rxc4 16. f3 Be7 17. O-O-O Qc7 18. Kb1 O-O 19. Bd4 Rc8 20. h6 g6 21. Rhg1 Qd8 22. Bf6 Bxf6 23. gxf6 Qxf6 24. Qxd6 R4c6 25. Qd3 a5 26. e5 Qe7 27. Ne4 Rxc2 28. Nf6+ Kh8 29. Qxc2 Rxc2 30. Kxc2 Bd5 31. Kb1 b4 32. Rc1 Qb7 33. a4 1-0


[Site "https://www.chess.com"]

[Event "Titled Tuesday Blitz May 31 Late 2022"]
[White "Janaszak, Dawid"]
[Black "Harvey, Marcus R"]
[WhiteFideId "1119206"]
[BlackFideId "400092"]
[WhiteElo "2199"]
[BlackElo "2485"]
[Result "1/2-1/2"]
[Round "11"]
[TimeControl "180+1"]
[Date "2022.05.31"]
[WhiteClock "0:01:03"]
[BlackClock "0:00:57"]

1. e4 e6 2. d4 d5 3. Bd3 dxe4 4. Bxe4 Nf6 5. Bf3 Bd6 6. Ne2 Nbd7 7. Nd2 e5 8. O-O O-O 9. c3 Re8 10. Ng3 exd4 11. cxd4 Nb6 12. Nde4 Nxe4 13. Nxe4 Bf8 14. Bg5 f6 15. Be3 Nd5 16. Qb3 c6 17. Nc3 Be6 18. Qxb7 Nb4 19. a3 Rb8 20. Qxa7 Ra8 21. Qb7 Rb8 22. Qa7 Ra8 23. Qb7 Rb8 24. Qa7 1/2-1/2


[Site "https://www.chess.com"]

[Event "Titled Tuesday Blitz May 31 Late 2022"]
[White "Jeet, Jain"]
[Black "Zakarian, David"]
[WhiteFideId "5073022"]
[BlackFideId "13301276"]
[WhiteElo "2028"]
[BlackElo "2460"]
[Result "1-0"]
[Round "11"]
[TimeControl "180+1"]
[Date "2022.06.01"]
[WhiteClock "0:00:20"]
[BlackClock "0:00:10"]

1. e4 c5 2. Nc3 a6 3. a4 e6 4. Nf3 Nc6 5. d4 cxd4 6. Nxd4 Qc7 7. Be2 Nf6 8. O-O Bc5 9. Nb3 Bd6 10. g3 h5 11. f4 Bb4 12. e5 Ng4 13. Ne4 Qb6+ 14. Kg2 Ne3+ 15. Bxe3 Qxe3 16. Qd3 Qxd3 17. cxd3 b6 18. d4 Bb7 19. Bf3 Ke7 20. h3 h4 21. g4 Rac8 22. f5 f6 23. exf6+ gxf6 24. fxe6 dxe6 25. Rad1 Rhd8 26. Rf2 Na5 27. Nxa5 Bxa5 28. Nxf6 Bxf3+ 29. Rxf3 Rc2+ 30. Kh1 Rxb2 31. d5 b5 32. axb5 axb5 33. d6+ Rxd6 34. Ng8+ Kd7 35. Rf7+ Kc6 36. Ne7+ Kc5 37. Rc1+ Kb4 38. Nc6+ Ka3 39. Ra1+ Ra2 40. Rxa2+ Kxa2 41. Nxa5 b4 42. Rf2+ Ka1 43. Rf1+ Ka2 44. Rf2+ Ka1 45. Kg2 Rd3 46. Rf3 Rd2+ 47. Kf1 Rh2 48. Re3 Kb2 49. Nc4+ Kc2 50. Na5 Kd2 51. Rb3 Rh1+ 52. Kg2 Re1 53. Rxb4 e5 54. Nc4+ Kc3 55. Ra4 Kb3 56. Nb6 e4 57. Ra5 e3 58. Re5 Kc3 59. Nd5+ Kd3 60. Rxe3+ Rxe3 61. Nxe3 Kxe3 62. g5 Kf4 63. g6 1-0


[Site "https://www.chess.com"]

[Event "Titled Tuesday Blitz May 31 Late 2022"]
[White "Joubert, Dantelle"]
[Black "Kohler, Aran"]
[WhiteFideId "14310813"]
[BlackFideId "1002856"]
[WhiteElo "1507"]
[BlackElo "2252"]
[Result "1-0"]
[Round "11"]
[TimeControl "180+1"]
[Date "2022.06.01"]
[WhiteClock "0:00:29"]
[BlackClock "0:00:08"]

1. Nf3 c5 2. c4 Nc6 3. Nc3 g6 4. g3 Bg7 5. Bg2 e6 6. O-O Nge7 7. e3 d5 8. cxd5 exd5 9. d4 c4 10. b3 cxb3 11. axb3 O-O 12. Ba3 Re8 13. h3 h6 14. Nb5 a6 15. Nd6 Rf8 16. Qd2 b5 17. Nxc8 Rxc8 18. Bc5 a5 19. Ne1 b4 20. Nd3 Re8 21. Rfc1 Nf5 22. Nf4 Nce7 23. Bf1 Nd6 24. Bxd6 Qxd6 25. Rxa5 Rxc1 26. Qxc1 Rc8 27. Rc5 Rxc5 28. Qxc5 Qxc5 29. dxc5 d4 30. exd4 Bxd4 31. Bb5 Bxc5 32. Kf1 Kg7 33. Ke2 Nf5 34. Bc4 Nd4+ 35. Ke1 g5 36. Nd3 f6 37. Nxc5 Nc2+ 38. Kd2 Nd4 39. Kd3 Nc6 40. Ke4 Kg6 41. Kd5 Ne5 42. Nd3 Nf3 43. Nxb4 f5 44. Bd3 Kf6 45. Nc6 f4 46. Nd4 Nd2 47. gxf4 gxf4 48. b4 1-0


[Site "https://www.chess.com"]

[Event "Titled Tuesday Blitz May 31 Late 2022"]
[White "Kobalia, Mikhail"]
[Black "Vasquez Schroeder, Rodrigo"]
[WhiteFideId "4119150"]
[BlackFideId "3400042"]
[WhiteElo "2667"]
[BlackElo "2567"]
[Result "0-1"]
[Round "11"]
[TimeControl "180+1"]
[Date "2022.05.31"]
[WhiteClock "0:00:19"]
[BlackClock "0:00:58"]

1. e4 c5 2. Nf3 d6 3. d4 cxd4 4. Nxd4 Nf6 5. Nc3 Nc6 6. Bg5 e6 7. Qd2 a6 8. O-O-O Bd7 9. f3 Be7 10. Kb1 b5 11. Nxc6 Bxc6 12. h4 Qc7 13. h5 h6 14. Bf4 Rd8 15. Ne2 Qb6 16. g4 Nd7 17. g5 Ne5 18. Nd4 hxg5 19. Bxg5 Qc7 20. Bxe7 Qxe7 21. f4 Bxe4 22. Rg1 Nf3 23. Qe3 Nxd4 24. Qxd4 Bf3 25. Qxg7 Qf8 26. Rd3 Qxg7 27. Rxg7 Bxh5 28. Rh3 Ke7 29. a4 Bg6 0-1


[Site "https://www.chess.com"]